Map: Golden Wall LE

Players

Fantasia - Winner!

  • Race: Zerg Zerg
  • League: Platinum
  • Spawn Location: 5:00

Huhn

  • Race: Protoss Protoss
  • League: Gold
  • Spawn Location: 7:00

VOD

Have the link to the VOD?

Description

Time

  • Played on: July 9, 2020, 4:29 a.m.
  • Length: 6:03
Show
View Real Time Build Order
Export as new Build Order

Fantasia Zerg - Winner!

Build Orders: Hatch First 

Get SALT Encoding   

  12  0:02  Drone  
  13  0:08  Drone  
  14  0:25  Overlord  
  14  0:44  Drone x2  
  14  0:45  Drone  
  17  0:56  Drone  
  18  0:58  Hatchery  
  18  1:04  Extractor  
  16  1:07  Drone  
  17  1:23  Spawning Pool  
  16  1:30  Drone  
  16  1:31  Drone  
  18  1:41  Drone  
  19  1:50  Drone  
  20  2:04  Drone  
  21  2:10  Metabolic Boost  
  21  2:11  Roach Warren  
  21  2:12  Drone x2  
  21  2:14  Queen  
  24  2:20  Queen  
  26  2:28  Drone  
  27  2:31  Drone  
  27  2:34  Overlord  
  28  2:50  Overlord x2  
  28  3:09  Queen  
  28  3:10  Drone x2  
  28  3:11  Drone x3  
  35  3:19  Zergling x2  
  36  3:23  Zergling x8  
  36  3:25  Zergling x2  
  41  3:44  Roach x2  
  41  3:45  Overlord  
  45  4:08  Roach  
  45  4:09  Roach x3  
  53  4:11  Zergling x4  
  55  4:21  Roach x2  
  55  4:22  Zergling x2  
  60  4:24  Overlord x2  
  60  5:20  Ravager x2  
  60  5:21  Ravager  
Show
View Real Time Build Order
Export as new Build Order

Huhn Protoss 

Build Orders: 1 Gate Expand 

Get SALT Encoding   

  12  0:01  Probe  
  13  0:13  Probe  
  14  0:20  Pylon  
  14  0:25  Probe  
  15  0:38  Gateway  
  15  0:39  Probe  
  16  0:47  Probe  
  16  0:52  Assimilator  
  16  0:55  Probe  
  18  1:06  Probe  
  19  1:18  Probe  
  20  1:31  Probe  
  21  1:36  Pylon  
  21  1:43  Probe  
  21  1:44  Nexus  
  22  1:55  Cybernetics Core, Probe  
  23  2:07  Probe  
  24  2:11  Gateway  
  24  2:14  Pylon  
  24  2:19  Probe  
  24  2:22  Assimilator  
  25  2:26  Zealot  
  27  2:31  Warp Gate, Probe  
  28  2:43  Probe  
  29  2:47  Gateway  
  29  2:54  Probe  
  29  2:57  Probe  
  30  2:59  Zealot  
  30  3:02  Probe  
  33  3:09  Probe  
  33  3:10  Probe  
  33  3:12  Stalker  
  38  3:25  Probe  
  39  3:28  Robotics Facility  
  39  3:30  Assimilator  
  39  3:31  Probe  
  40  3:37  Probe  
  40  3:39  Sentry  
  40  3:40  Sentry  
  45  3:43  Probe  
  46  3:49  Probe  
  46  3:55  Probe  
  48  3:56  Assimilator  
  48  3:58  Probe  
  49  4:03  Probe  
  49  4:04  Pylon  
  49  4:06  Probe  
  50  4:10  Pylon  
  50  4:14  Warp Prism  
  53  4:20  Probe  
  53  4:21  Probe  
  53  4:23  Twilight Council  
  55  4:26  Pylon  
  55  4:33  Probe  
  56  4:56  Robotics Bay  
  56  5:02  Dark Shrine  
  56  5:04  Pylon  
  56  5:12  Probe x2  
  58  5:24  Probe x2  
  60  5:29  Gateway  
  60  5:32  Gateway  
  60  5:34  Gateway  
  60  5:37  Pylon  
Tags
 
Add a new tag
Caveats
  • Supply blocks, unpowered buildings, or Contaminate may cause inaccurate times.
  • Supply counts are checked every 10 seconds.